 Dungeon Crawl Stone Soup version 0.21.1-1-g345015f (webtiles) character file.

74 tidbits the Grave Robber (level 4, 5/32 HPs)
             Began as a Gnoll Necromancer on June 21, 2018.
             Quit the game in a sewer.
             The game lasted 00:05:06 (485 turns).

tidbits the Grave Robber (Gnoll Necromancer)         Turns: 485, Time: 00:05:06

Health: 5/32       AC:  2    Str: 10    XL:     4   Next: 30%
Magic:  0/11       EV: 15    Int: 18    God:
Gold:   73         SH:  0    Dex: 16    Spells: 5/13 levels left

rFire    . . .     SeeInvis .   d - +0 dagger
rCold    . . .     Gourm    .   (no shield)
rNeg     . . .     Faith    .   a - +0 robe
rPois    .         Spirit   .   (no helmet)
rElec    .         Reflect  .   (no cloak)
rCorr    .         Harm     .   (no gloves)
MR       .....                  (no boots)
Stlth    +++.......             (no amulet)
HPRegen  0.10/turn              (no ring)
MPRegen  0.12/turn              (no ring)

@: flying
A: distributed training, fangs 1, strong nose
a: no special abilities


You were in a sewer.
You were not hungry.

You visited 1 branch of the dungeon, and saw 4 of its levels.
You also visited: Sewer.

You collected 73 gold pieces.

Inventory:

Hand Weapons
 d - a +0 dagger (weapon)
Missiles
 f - 15 arrows
Armour
 a - a +0 robe (worn)
 j - a +0 shield
Scrolls
 g - 2 scrolls of amnesia {unknown}
 i - a scroll of identify {unknown}
 l - a scroll of teleportation {unknown}
Potions
 e - a potion of lignification {unknown}
 h - a potion of ambrosia
 k - 2 potions of flight
 m - a potion of heal wounds {unknown}
Books
 b - a book of Necromancy

   Spells                             Type                      Level
   a - Pain                           Necromancy                   1
   b - Animate Skeleton               Necromancy                   1
   c - Vampiric Draining              Necromancy                   3
   d - Regeneration                   Charms/Necromancy            3
   e - Animate Dead                   Necromancy                   4
   f - Borgnjor's Vile Clutch         Necromancy/Earth             5
Comestibles
 c - 5 rations


   Skills:
 + Level 1.0 Fighting
 + Level 1.0 Short Blades
 + Level 1.0 Long Blades
 + Level 1.0 Axes
 + Level 1.0 Maces & Flails
 + Level 1.0 Polearms
 + Level 1.0 Staves
 + Level 1.0 Slings
 + Level 1.0 Bows
 + Level 1.0 Crossbows
 + Level 1.0 Throwing
 + Level 1.0 Armour
 + Level 4.6 Dodging
 + Level 4.2 Stealth
 + Level 1.0 Shields
 + Level 1.0 Unarmed Combat
 + Level 5.0 Spellcasting
 + Level 0.8 Conjurations
 + Level 0.8 Hexes
 + Level 0.8 Charms
 + Level 0.8 Summonings
 + Level 7.1 Necromancy
 + Level 0.8 Translocations
 + Level 0.8 Transmutations
 + Level 0.8 Fire Magic
 + Level 0.8 Ice Magic
 + Level 0.8 Air Magic
 + Level 0.8 Earth Magic
 + Level 0.8 Poison Magic
 + Level 1.1 Invocations
 + Level 1.0 Evocations


You had 5 spell levels left.
You knew the following spells:

 Your Spells              Type           Power        Failure   Level  Hunger
a - Pain                  Necr           ####         1%          1    None
d - Vampiric Draining     Necr           ####......   1%          3    ##.....
n - Animate Skeleton      Necr           N/A          1%          1    None
r - Regeneration          Chrm/Necr      ###.......   8%          3    ##.....


Dungeon Overview and Level Annotations

Branches:
Dungeon (4/15)
 Temple: D:4-7

Altars:
Ru


Innate Abilities, Weirdness & Mutations

Your experience applies equally to all skills.
You have very sharp teeth.
Your uncanny sense of smell can sniff out nearby items.


Message History

A worm comes into view.
Unknown command.
Casting: Pain
Confirm with . or Enter, or press ? or * to list all spells.
Aiming: Pain
Press: ? - help, Shift-Dir - straight line, f - adder
Aim: an adder (chance to defeat MR: 89%)
The adder writhes in agony!
The adder closely misses you.
Casting: Pain
Confirm with . or Enter, or press ? or * to list all spells.
Aiming: Pain
Press: ? - help, Shift-Dir - straight line, f/p - adder
Aim: an adder (heavily wounded, chance to defeat MR: 89%)
The adder writhes in agony!
The adder barely misses you.
Casting: Pain
Confirm with . or Enter, or press ? or * to list all spells.
Aiming: Pain
Press: ? - help, Shift-Dir - straight line, f/p - adder
Aim: an adder (severely wounded, chance to defeat MR: 89%)
The adder writhes in agony!
You kill the adder!
Casting: Pain
Confirm with . or Enter, or press ? or * to list all spells.
Aiming: Pain
Press: ? - help, Shift-Dir - straight line, f - worm
Aim: a worm (chance to defeat MR: 89%)
The worm writhes in agony!
Casting: Pain
Confirm with . or Enter, or press ? or * to list all spells.
Aiming: Pain
Press: ? - help, Shift-Dir - straight line, f/p - worm
Aim: a worm (moderately wounded, chance to defeat MR: 89%)
The worm writhes in agony!
Casting: Pain
Confirm with . or Enter, or press ? or * to list all spells.
Aiming: Pain
Press: ? - help, Shift-Dir - straight line, f/p - worm
Aim: a worm (severely wounded, chance to defeat MR: 89%)
The worm writhes in agony!
Casting: Pain
Confirm with . or Enter, or press ? or * to list all spells.
Aiming: Pain
Press: ? - help, Shift-Dir - straight line, f/p - worm
Aim: a worm (almost dead, chance to defeat MR: 89%)
The worm writhes in agony!
Okay, then.
Casting: Pain
Confirm with . or Enter, or press ? or * to list all spells.
Aiming: Pain
Press: ? - help, Shift-Dir - straight line, f/p - worm
Aim: a worm (severely wounded, chance to defeat MR: 89%)
The worm writhes in agony!
It was a potion of flight.
You feel very buoyant.
You fly up into the air.
The worm misses you.
You barely miss the worm. You bite the worm.
The worm is almost dead.
You hit the worm but do no damage.
The worm is almost dead.
The worm splashes around in the water.
You hit the worm.
The worm is almost dead.
You hit the worm.
You kill the worm!
You see here a worm corpse.
You see here an adder corpse.
A kobold comes into view. It is wielding a dagger.
The kobold shouts!
Found a scroll labeled YLI AFOEBAIWN.
A big kobold comes into view. It is wielding a dagger.
Found a purple potion.
The kobold throws a stone.
The stone barely misses you.
You hear a splash.
The big kobold throws a stone.
The stone barely misses you.
You see here a stone.
The big kobold throws a stone.
The stone hits you.
* * * LOW HITPOINT WARNING * * *
You see here a stone.
The big kobold throws a stone.
The stone barely misses you.
The kobold throws a stone.
The stone misses you.
Casting: Pain
Confirm with . or Enter, or press ? or * to list all spells.
Aiming: Pain
Press: ? - help, Shift-Dir - straight line, f - kobold
Aim: a kobold, wielding a dagger (chance to defeat MR: 93%)
The kobold writhes in agony!
You kill the kobold!
Casting: Pain
Confirm with . or Enter, or press ? or * to list all spells.
Aiming: Pain
Press: ? - help, Shift-Dir - straight line, f - big kobold
Aim: a big kobold, wielding a dagger (chance to defeat MR: 84%)
The big kobold writhes in agony!
The big kobold throws a stone.
The stone hits you.
* * * LOW HITPOINT WARNING * * *
Casting: Pain
Confirm with . or Enter, or press ? or * to list all spells.
You don't have enough magic to cast that spell.
Are you sure you want to abandon this character and quit the game? (Confirm with "yes".)

##### ##### ##...##
# #...## #≈.≈≈.#####
#.≈!. #.≈...††≈≈≈
≈K. #..≈..##### #.#
##...## # #@# ##≈##
#(# #≈# #(# #≈#
##.## ##≈## ##.(.##
##..≈## #
#..(≈.####≈.≈..#####
#.≈..≈≈†≈†≈..≈≈≈≈≈≈≈
#.....####.....#####
##.≈.## ##.≈≈## #


You could see a big kobold.

Vanquished Creatures
  2 adders
  A river rat (D:3)
  3 worms
  A leopard gecko (D:2)
  A bat (D:2)
  A giant cockroach (D:3)
  6 goblins
  3 hobgoblins (D:2)
  2 jackals (D:2)
  6 ball pythons
  2 frilled lizards
  5 kobolds
  6 rats
39 creatures vanquished.

Notes
Turn   | Place    | Note
-------+----------+-------------------------------------------
     0 | D:1      | tidbits the Gnoll Necromancer began the quest for the Orb.
     0 | D:1      | Reached XP level 1. HP: 13/13 MP: 6/6
    79 | D:2      | Reached XP level 2. HP: 14/19 MP: 4/7
    82 | D:2      | Learned a level 1 spell: Animate Skeleton
   164 | D:2      | Found a sacrificial altar of Ru.
   211 | D:2      | Reached skill level 5 in Spellcasting
   211 | D:2      | Reached XP level 3. HP: 13/25 MP: 4/9
   216 | D:2      | Learned a level 3 spell: Regeneration
   221 | D:2      | Learned a level 3 spell: Vampiric Draining
   343 | D:3      | Reached skill level 1 in Invocations
   375 | D:3      | Found a glowing drain.
   388 | D:3      | Reached skill level 1 in Fighting
   388 | D:3      | Reached skill level 1 in Short Blades
   388 | D:3      | Reached skill level 1 in Long Blades
   388 | D:3      | Reached skill level 1 in Axes
   388 | D:3      | Reached skill level 1 in Maces & Flails
   388 | D:3      | Reached skill level 1 in Polearms
   388 | D:3      | Reached skill level 1 in Staves
   388 | D:3      | Reached skill level 1 in Slings
   388 | D:3      | Reached skill level 1 in Bows
   388 | D:3      | Reached skill level 1 in Crossbows
   388 | D:3      | Reached skill level 1 in Throwing
   388 | D:3      | Reached skill level 1 in Armour
   388 | D:3      | Reached skill level 1 in Shields
   388 | D:3      | Reached skill level 1 in Unarmed Combat
   388 | D:3      | Reached skill level 1 in Evocations
   417 | Sewer    | Entered a sewer
   419 | Sewer    | Reached XP level 4. HP: 17/32 MP: 6/11
   479 | Sewer    | Noticed a big kobold
   485 | Sewer    | Quit the game

Skill      XL: |  1  2  3 |
---------------+----------+-----
Spellcasting   | 5 |  5.0
Invocations    | 1 |  1.1
Fighting       | 1 |  1.0
Short Blades   | 1 |  1.0
Long Blades    | 1 |  1.0
Axes           | 1 |  1.0
Maces & Flails | 1 |  1.0
Polearms       | 1 |  1.0
Staves         | 1 |  1.0
Slings         | 1 |  1.0
Bows           | 1 |  1.0
Crossbows      | 1 |  1.0
Throwing       | 1 |  1.0
Armour         | 1 |  1.0
Shields        | 1 |  1.0
Unarmed Combat | 1 |  1.0
Evocations     | 1 |  1.0
Dodging        | |  4.6
Stealth        | |  4.2
Conjurations   | |  0.8
Hexes          | |  0.8
Charms         | |  0.8
Summonings     | |  0.8
Necromancy     | |  7.1
Translocations | |  0.8
Transmutations | |  0.8
Fire Magic     | |  0.8
Ice Magic      | |  0.8
Air Magic      | |  0.8
Earth Magic    | |  0.8
Poison Magic   | |  0.8

Action                   |  1- 3 |  4- 6 || total
-------------------------+-------+-------++-------
Melee: Dagger            |    17 |     8 ||    25
       Bite              |     2 |     1 ||     3
 Cast: Pain              |    37 |    16 ||    53
       Regeneration      |     1 |       ||     1
  Use: Potion            |     1 |     1 ||     2
 Stab: Sleeping          |     7 |       ||     7
Armor: Robe              |     7 |       ||     7
Dodge: Dodged            |    39 |    11 ||    50

Table legend:
 A = Turns spent in this place as a percentage of turns spent in the entire game.
 B = Non-inter-level travel turns spent in this place as a percentage of non-inter-level travel turns spent in the entire game.
 C = Inter-level travel turns spent in this place as a percentage of turns spent in this place.
 D = Turns resting spent in this place as a percentage of non-inter-level travel turns spent in this place.
 E = Turns spent auto-exploring this place as a percentage of non-inter-level travel turns spent in this place.
 F = Non-inter-level travel turns spent in this place divided by the number of levels of this place that you've seen.
                   A       B       C       D       E      F
               +-------+-------+-------+-------+-------+----------------------
         Total | 100.0 | 100.0 |   0.0 |   0.0 |   0.0 |  97.0
       Dungeon |  86.0 |  86.0 |   0.0 |   0.0 |   0.0 | 104.2
         Sewer |  14.0 |  14.0 |   0.0 |   0.0 |   0.0 |  68.0
               +-------+-------+-------+-------+-------+----------------------

Table legend:
 A = Kills in this place as a percentage of kills in entire the game.
 B = Kills by you in this place as a percentage of kills by you in the entire game.
 C = Kills by friends in this place as a percentage of kills by friends in the entire game.
 D = Other kills in this place as a percentage of other kills in the entire game.
 E = Experience gained in this place as a percentage of experience gained in the entire game.
 F = Experience gained in this place divided by the number of levels of this place that you have seen.
                   A       B       C       D       E      F
               +-------+-------+-------+-------+-------+----------------------
         Total | 100.0 | 100.0 |   N/A |   N/A | 100.0 |  21.4
       Dungeon |  79.5 |  79.5 |   N/A |   N/A |  75.7 |  20.2
         Sewer |  20.5 |  20.5 |   N/A |   N/A |  24.3 |  26.0
               +-------+-------+-------+-------+-------+----------------------

Vault maps used:
D:1:      dpeg_arrival_arbitrary_a, fountainhead
D:2:      minmay_misc_feat_pillars, hangedman_ru_absence
D:3:      tgw_trog, portal_sewer_entry_a
D:4:      first_ration, kennysheep_cross_bottleneck, uniq_eustachio, uniq_pikel,
          uniq_duvessa
Sewer:    sewer_co_15_rooms
